 Dungeon Crawl Stone Soup version 0.19.4-8-ga85b6b9 (webtiles) character file.

177 protoss039 the Magician (level 5, -2/31 HPs)
             Began as a High Elf Wizard on Feb 8, 2017.
             Was an Initiate of Vehumet.
             Slain by a scorpion (9 damage)
             ... on level 4 of the Dungeon.
             The game lasted 00:16:03 (3403 turns).

protoss039 the Magician (High Elf Wizard)           Turns: 3403, Time: 00:16:04

Health: -2/31      AC:  5    Str:  6    XL:     5   Next: 31%
Magic:  7/14       EV: 13    Int: 23    God:    Vehumet [......]
Gold:   163        SH:  0    Dex: 16    Spells: 3 memorised, 9 levels left

rFire  . . .     SeeInvis .     l - +3 dagger (elec)
rCold  . . .     Gourm    .     a - +0 robe
rNeg   . . .     Faith    .     (no shield)
rPois  .         Spirit   .     t - +0 helmet
rElec  .         Reflect  .     (no cloak)
rCorr  .         Harm     .     (no gloves)
MR     .....                    i - +1 pair of boots
Stlth  ++........               (no amulet)
                                j - +3 ring of dexterity
                                g - ring of wizardry

@: lethally poisoned (-2 -> -9), flying, repel missiles
A: no striking features
a: Renounce Religion


You were on level 4 of the Dungeon.
You worshipped Vehumet.
Vehumet was noncommittal.
You were not hungry.

You visited 1 branch of the dungeon, and saw 4 of its levels.

You collected 163 gold pieces.

Inventory:

Hand Weapons
 l - a +3 dagger of electrocution (weapon)
Armour
 a - a +0 robe (worn)
 b - a +0 hat
 i - a +1 pair of boots (worn)
 t - a +0 helmet (worn)
Jewellery
 g - a ring of wizardry (left hand)
 j - a +3 ring of dexterity (right hand)
Wands
 r - a wand of digging (11/24)
Scrolls
 h - a scroll of enchant weapon
 m - a scroll of noise {unknown}
 p - a scroll of fear {unknown}
 q - 2 scrolls of teleportation {unknown}
 v - a scroll of immolation {unknown}
Potions
 e - a potion of ambrosia {unknown}
 f - a potion of curing {unknown}
 k - a potion of cure mutation {unknown}
 s - a potion of flight
 u - a potion of heal wounds {unknown}
Books
 c - a book of Minor Magic

   Spells                             Type                      Level
   a - Magic Dart                     Conjuration                  1
   b - Blink                          Translocation                2
   c - Call Imp                       Summoning                    2
   d - Repel Missiles                 Charms/Air                   2
   e - Slow                           Hexes                        2
   f - Conjure Flame                  Conjuration/Fire             3
   g - Mephitic Cloud                 Conjuration/Poison/Air       3
Comestibles
 d - 2 bread rations
 n - 3 meat rations
 o - a chunk of flesh
 w - 2 fruits


   Skills:
 - Level 2.1 Dodging
 - Level 2.1 Stealth
 + Level 5.5 Spellcasting
 * Level 4.0 Conjurations
 + Level 0.2 Charms
   Level 0.8 Summonings
   Level 1.1 Translocations


You had 9 spell levels left.
You knew the following spells:

 Your Spells              Type           Power        Failure   Level  Hunger
a - Magic Dart            Conj           ###.         1%          1    None
b - Repel Missiles        Chrm/Air       #.....       6%          2    None
c - Mephitic Cloud        Conj/Pois/Air  ##......     7%          3    ##.....


Dungeon Overview and Level Annotations

Branches:
Dungeon (4/15)
 Temple: D:4-7

Altars:
Cheibriados
Elyvilon
Qazlal
Vehumet
The Shining One


Message History

The scorpion is severely wounded.
The scorpion misses you.
Casting: Magic Dart
Confirm with . or Enter, or press ? or * to list all spells.
Aiming: Magic Dart
Press: ? - help, Shift-Dir - straight line, f/p - scorpion
Aim: a scorpion (severely wounded)
The magic dart hits the scorpion.
The scorpion is severely wounded.
The scorpion stings you!
* * * LOW HITPOINT WARNING * * *
You are lethally poisoned!
The scorpion poisons you!
Unknown command.
It was a potion of flight.
You feel very buoyant.
You fly up into the air.
* * * LOW HITPOINT WARNING * * *
You feel sick. The scorpion stings you!
You die...

#.# #.# #.# #.# #.#
#.# #.# ###.# #.#
#...# #.# #.### .##
####.#####.#
....#######..(.......#
.#......@...#######..#
.......s###.# #..#
#..###<# #.# #..# #
#.# #.# #..# #.. ...
#..# #..#### #..# #..#
.... ##.# .#


You could see a scorpion.

Vanquished Creatures
  Robin (D:3)
  5 adders
  A gnoll (D:1)
  4 oozes
  An adder skeleton (D:4)
  A worm (D:3)
  A dart slug (D:1)
  2 leopard geckos
  2 orcs (D:3)
  8 bats
  2 giant cockroaches (D:1)
  15 hobgoblins
  2 jackals (D:1)
  6 quokkas
  A ball python (D:1)
  8 frilled lizards
  14 goblins
  4 kobolds
  3 rats
81 creatures vanquished.

Notes
Turn   | Place    | Note
-------+----------+-------------------------------------------
     0 | D:1      | protoss039 the High Elf Wizard began the quest for the Orb.
     0 | D:1      | Reached XP level 1. HP: 11/11 MP: 6/6
   144 | D:1      | Reached skill level 4 in Spellcasting
   264 | D:1      | Reached XP level 2. HP: 12/17 MP: 1/8
   327 | D:1      | Learned a level 2 spell: Repel Missiles
   830 | D:1      | Reached XP level 3. HP: 16/21 MP: 2/10
   836 | D:1      | Learned a level 3 spell: Mephitic Cloud
  1526 | D:2      | Found a snail-covered altar of Cheibriados.
  2055 | D:2      | Reached XP level 4. HP: 25/27 MP: 0/11
  2192 | D:2      | Reached skill level 5 in Spellcasting
  2548 | D:3      | Noticed a fire elemental
  2611 | D:3      | Found a stormy altar of Qazlal.
  2620 | D:3      | Noticed a water elemental
  2620 | D:3      | Noticed an earth elemental
  2620 | D:3      | Noticed an air elemental
  2823 | D:3      | Noticed Robin
  2871 | D:3      | Reached XP level 5. HP: 29/31 MP: 0/13
  2970 | D:3      | Killed Robin
  3179 | D:3      | Found a radiant altar of Vehumet.
  3181 | D:3      | Found a glowing golden altar of the Shining One.
  3184 | D:3      | Found a white marble altar of Elyvilon.
  3202 | D:3      | Became a worshipper of Vehumet
  3403 | D:4      | Slain by a scorpion

Skill      XL: |  1  2  3  4  5 |
---------------+----------------+-----
Spellcasting   | 4 5 |  5.5
Conjurations   | 2 3 4 |  4.0
Dodging        | |  2.1
Stealth        | |  2.1
Charms         | |  0.2
Summonings     | |  0.8
Translocations | |  1.1

Action                   |  1- 3 |  4- 6 || total
-------------------------+-------+-------++-------
Melee: Unarmed           |     2 |       ||     2
       Dagger            |       |     5 ||     5
 Cast: Magic Dart        |   115 |    91 ||   206
       Repel Missiles    |     1 |     1 ||     2
       Mephitic Cloud    |       |     1 ||     1
  Use: Scroll            |     5 |     2 ||     7
       Potion            |       |     1 ||     1
  Eat: Chunk             |     2 |     5 ||     7
Armor: Robe              |     6 |     2 ||     8
Dodge: Dodged            |    17 |    11 ||    28
       Deflected         |     2 |     1 ||     3
